 Dungeon Crawl Stone Soup version 0.23-a0-705-g0e654d2 (webtiles) character file.

1410 JeffiDaFish the Purveyor of Pain (level 8, -1/62 HPs)
             Began as a Demonspawn Necromancer on Jan 15, 2019.
             Was an Initiate of Kikubaaqudgha.
             Slain by Joseph
             ... wielding a +1 quarterstaff of protection
              (20 damage)
             ... on level 7 of the Dungeon.
             The game lasted 00:17:46 (7658 turns).

JeffiDaFish the Purveyor of Pain (DsNe)             Turns: 7658, Time: 00:17:47

Health: -1/62      AC:  8    Str:  9    XL:     8   Next: 42%
Magic:  0/15       EV: 12    Int: 19    God:    Kikubaaqudgha [......]
Gold:   128        SH:  0    Dex:  8    Spells: 10/17 levels left

rFire    + . .     SeeInvis .   b - +2 dagger (venom)
rCold    + . .     Gourm    .   (no shield)
rNeg     . . .     Faith    .   a - +1 robe
rPois    +         Spirit   .   (helmet restricted)
rElec    +         Reflect  .   (no cloak)
rCorr    +         Harm     .   m - +0 pair of gloves (curse)
MR       .....                  k - +1 pair of boots
Stlth    ++........             (no amulet)
HPRegen  0.20/turn              u - -5 ring of dexterity (curse)
MPRegen  0.14/turn              g - +2 ring of protection

@: resistant
A: claws 1, horns 2, talons 1, rot immunity
a: Renounce Religion


You were on level 7 of the Dungeon.
You worshipped Kikubaaqudgha.
Kikubaaqudgha was noncommittal.
You were not hungry.

You visited 2 branches of the dungeon, and saw 8 of its levels.

You collected 401 gold pieces.
You spent 273 gold pieces at shops.

Inventory:

Hand Weapons
 b - a +2 dagger of venom (weapon)
 q - the +4 battleaxe of Qehoont {venom, rF+ rC+}
   (You found it on level 5 of the Dungeon)

   It poisons the flesh of those it strikes.
   It protects you from fire.
   It protects you from cold.
Armour
 a - a +1 robe (worn)
 k - a +1 pair of boots (worn)
 m - a cursed +0 pair of gloves (worn)
Magical Staves
 s - an uncursed staff of air
Jewellery
 g - a +2 ring of protection (right hand)
 u - a cursed -5 ring of dexterity (left hand)
Wands
 j - a wand of iceblast (10)
 r - a wand of digging (5)
Scrolls
 d - a scroll of enchant armour
 e - a scroll of remove curse
 f - 3 scrolls of teleportation
 i - a scroll of amnesia
 n - 3 scrolls of identify
 p - 4 scrolls of blinking
Potions
 l - 3 potions of curing
Comestibles
 c - 7 rations
 h - 5 chunks of flesh


   Skills:
 + Level 5.0 Fighting
 - Level 1.7 Dodging
 - Level 1.7 Stealth
 + Level 5.1 Spellcasting
 * Level 9.2 Necromancy


You had 10 spell levels left.
You knew the following spells:

 Your Spells              Type           Power        Failure   Level  Hunger
a - Pain                  Necr           ####         1%          1    None
b - Vampiric Draining     Necr           #####.....   1%          3    ##.....
c - Regeneration          Chrm/Necr      ###.......   5%          3    ##.....

Your spell library contained the following spells:

 Spells                   Type           Power        Failure   Level  Hunger
 Animate Skeleton         Necr           N/A          1%          1    None
 Animate Dead             Necr           N/A          2%          4    ####...


Dungeon Overview and Level Annotations

Branches:
Dungeon (7/15)             Temple (1/1) D:5

Altars:
Cheibriados
Kikubaaqudgha
Nemelex Xobeh
Okawaru
Trog
Uskayaw
Vehumet
Wu Jian
Xom
Zin
The Shining One
Beogh

Shops:
D:4 *

Annotations:
D:4 2 transporters
D:6 Grinder
D:7 Joseph


Innate Abilities, Weirdness & Mutations

You have sharp fingernails.
You have a pair of horns on your head.
You have sharp toenails.
You are immune to rotting.


Message History

Aiming: Vampiric Draining (safe; 1% risk of failure)
Press: ? - help, Shift-Dir - straight line, f/p - Joseph
Aim: Joseph, wielding a +1 quarterstaff of protection and wearing a +3 leather armour (severely wounded) Joseph is almost dead.
You feel life coursing into your body.
You barely miss Joseph.
Joseph is almost dead.
Joseph hits you with a +1 quarterstaff of protection!
* * * LOW HITPOINT WARNING * * *
You completely miss Joseph. Your headbutt misses Joseph.
Joseph is almost dead.
Joseph closely misses you.
You feel much better.
Joseph hits you with a +1 quarterstaff of protection!
You hit Joseph but do no damage.
Joseph is poisoned.
Your headbutt misses Joseph.
Joseph is almost dead.
Joseph hits you with a +1 quarterstaff of protection!!
You die...
Kikubaaqudgha rasps: "You have failed me!
Welcome... death!"

#. ### #.
#.. #.##"#
#.....
#....#
#....#
#..@# #
#..@###.###
#..(.......
#....##.###
#....##.
#..(.##.
#....##.#
#.(..##.##
.#
#........#
.#
##...###.#
.#


You could see Joseph.

Vanquished Creatures
  2 orc warriors (D:6)
  2 phantoms
  An ogre (D:6)
  A bullfrog (D:6)
  A scorpion (D:4)
  A howler monkey (D:4)
  2 jellies (D:6)
  A hound (D:5)
  3 orc priests
  A centaur skeleton (D:4)
  A bullfrog skeleton (D:6)
  2 iguanas (D:6)
  A worker ant (D:5)
  8 orc wizards
  A hound zombie (D:3)
  A howler monkey zombie (D:5)
  A worker ant zombie (D:3)
  2 gnolls (D:6)
  12 adders
  2 oozes
  3 adder skeletons
  2 worms
  A dart slug (D:4)
  5 leopard geckos
  12 orcs
  2 ball pythons (D:3)
  6 giant cockroaches
  7 goblins
  7 hobgoblins
  9 jackals
  5 kobolds
  4 quokkas
  4 bats
  2 frilled lizards
  2 giant cockroach zombies
  A quokka skeleton (D:4)
  3 rats
121 creatures vanquished.

Notes
Turn   | Place    | Note
-------+----------+-------------------------------------------
     0 | D:1      | JeffiDaFish the Demonspawn Necromancer began the quest for
                  | the Orb.
     0 | D:1      | Reached XP level 1. HP: 13/13 MP: 3/3
   657 | D:1      | Gained mutation: You have sharp toenails. [demonic
                  | ancestry]
   657 | D:1      | Reached XP level 2. HP: 20/20 MP: 3/5
   934 | D:2      | Reached skill level 1 in Fighting
   971 | D:2      | Reached skill level 5 in Necromancy
  1158 | D:2      | Reached XP level 3. HP: 26/26 MP: 4/6
  1177 | D:2      | Found a snail-covered altar of Cheibriados.
  1602 | D:2      | Found a hide-covered altar of Uskayaw.
  2443 | D:3      | Learned a level 3 spell: Vampiric Draining
  2446 | D:3      | Found an iron altar of Okawaru.
  2478 | D:3      | Found a roughly hewn altar of Beogh.
  2484 | D:3      | Reached XP level 4. HP: 28/33 MP: 2/8
  2902 | D:3      | Gained mutation: You are immune to rotting. [demonic
                  | ancestry]
  2902 | D:3      | Reached XP level 5. HP: 16/38 MP: 9/9
  2907 | D:3      | Learned a level 3 spell: Regeneration
  3385 | D:3      | Reached skill level 6 in Necromancy
  3791 | D:4      | Found a transporter.
  3810 | D:4      | Found a transporter.
  3988 | D:4      | Found a radiant altar of Vehumet.
  3993 | D:4      | Noticed a hungry ghost
  4063 | D:4      | Gained mutation: You have a pair of small horns on your
                  | head. [demonic ancestry]
  4063 | D:4      | Reached XP level 6. HP: 35/46 MP: 2/11
  4183 | D:4      | Found a bloodstained altar of Trog.
  4240 | D:4      | Found Owaipnob's Assorted Antiques.
  4248 | D:4      | Bought a potion of curing for 63 gold pieces
  4248 | D:4      | Bought a scroll of teleportation for 63 gold pieces
  4248 | D:4      | Bought a potion of heal wounds for 105 gold pieces
  4363 | D:4      | Found a glowing golden altar of the Shining One.
  4363 | D:4      | Noticed a four-headed hydra
  4543 | D:5      | Entered Level 5 of the Dungeon
  4576 | D:5      | Reached skill level 7 in Necromancy
  4673 | D:5      | Identified the +4 battleaxe of Qehoont {venom, rF+ rC+}
                  | (You found it on level 5 of the Dungeon)
  4727 | D:5      | Found a staircase to the Ecumenical Temple.
  4746 | Temple   | Entered the Ecumenical Temple
  4788 | Temple   | Became a worshipper of Kikubaaqudgha
  4905 | D:5      | Gained mutation: You have a pair of horns on your head.
                  | [demonic ancestry]
  4905 | D:5      | Reached XP level 7. HP: 24/52 MP: 0/12
  5907 | D:6      | Reached skill level 8 in Necromancy
  6036 | D:6      | Found a sparkling altar of Nemelex Xobeh.
  6040 | D:6      | Noticed Grinder
  6042 | D:6      | Paralysed by Grinder for 6 turns
  6640 | D:6      | Gained mutation: You have sharp fingernails. [demonic
                  | ancestry]
  6640 | D:6      | Reached XP level 8. HP: 59/61 MP: 10/14
  6706 | D:6      | Found an ornate altar of the Wu Jian Council.
  6706 | D:6      | Found a glowing silver altar of Zin.
  7121 | D:6      | Reached skill level 9 in Necromancy
  7127 | D:6      | Reached skill level 5 in Spellcasting
  7464 | D:4      | Bought a scroll labeled RUISIOTW QECI for 21 gold pieces
  7464 | D:4      | Bought a scroll labeled IRCHUEZX HIANT for 21 gold pieces
  7564 | D:6      | Reached skill level 5 in Fighting
  7643 | D:7      | Noticed Joseph
  7658 | D:7      | Slain by Joseph

Vault maps used:
D:1:      ncdulo_smallfort
D:2:      nicolae_overflow_crystal_walls, cheibriados_altar_1, first_ration
D:3:      overflow_temple_1_default, serial_undead, serial_undead_e,
          serial_undead_e, serial_undead_d, serial_undead_d,
          kennysheep_orc_chapel
D:4:      gammafunk_temple_overflow_arena, overflow_temple_1_default,
          overflow_temple_1_default, serial_shops,
          nicolae_shop_competitors_out_of_business
D:5:      minmay_temple_entry_overgrown
D:6:      nemelex_xobeh_ov_fountains_minmay, gammafunk_temple_overflow_elements,
          corexii_hall_statues_i, uniq_grinder
D:7:      centaur_isle, uniq_joseph
Temple:   nicolae_temple_figure_zero

Skill      XL: |  1  2  3  4  5  6  7  8 |
---------------+-------------------------+-----
Fighting       | 1 2 3 4 5 |  5.0
Necromancy     | 5 6 7 8 9 |  9.2
Spellcasting   | 3 4 5 |  5.1
Dodging        | |  1.7
Stealth        | |  1.7

Action                   |  1- 3 |  4- 6 |  7- 9 || total
-------------------------+-------+-------+-------++-------
Melee: Unarmed           |     7 |       |       ||     7
       Dagger            |    29 |   175 |   200 ||   404
       Headbutt          |       |     7 |    26 ||    33
       Battleaxe         |       |     4 |       ||     4
 Cast: Pain              |    41 |    89 |    67 ||   197
       Regeneration      |       |     3 |    15 ||    18
       Vampiric Draining |       |     3 |    17 ||    20
Evoke: Wand              |       |       |     1 ||     1
  Use: Scroll            |     7 |     4 |     3 ||    14
       Potion            |     4 |     1 |     2 ||     7
  Eat: Chunk             |     5 |     8 |     5 ||    18
       Ration            |       |       |     2 ||     2
Armor: Robe              |     8 |    73 |    53 ||   134
Dodge: Dodged            |    31 |   117 |   106 ||   254

Table legend:
 A = Non-vault XP
 B = Vault XP
 C = Vault XP percentage of total XP
 D = Non-vault monster count
 E = Vault monster count
 F = Vault count percentage of total count
                 A         B        C        D         E       F
            +---------+---------+-------+---------+---------+-------
      Total |    1890 |     125 |   6.2 |     113 |       8 |   6.6
            +---------+---------+-------+---------+---------+-------
        D:1 |      14 |       0 |   0.0 |       9 |       0 |   0.0
        D:2 |      43 |       0 |   0.0 |      16 |       0 |   0.0
        D:3 |      84 |     125 |  59.8 |      23 |       8 |  25.8
        D:4 |     261 |       0 |   0.0 |      24 |       0 |   0.0
        D:5 |     485 |       0 |   0.0 |      19 |       0 |   0.0
        D:6 |     997 |       0 |   0.0 |      19 |       0 |   0.0
        D:7 |       6 |       0 |   0.0 |       3 |       0 |   0.0
            +---------+---------+-------+---------+---------+-------
